 Dungeon Crawl Stone Soup version 0.26-a0-631-ged93497179 (webtiles) character file.

Game seed: 15259176946787737374

181 DogServant the Digger (level 5, 0/28 HPs)
             Began as a Gargoyle Earth Elementalist on Sept 12, 2020.
             Slain by a worker ant (1 damage)
             ... on level 3 of the Dungeon.
             The game lasted 00:06:51 (3681 turns).

DogServant the Digger (Gargoyle Earth Elementalist) Turns: 3681, Time: 00:06:53

Health: 0/28       AC:  6    Str: 12    XL:     5   Next: 61%
Magic:  7/10       EV: 12    Int: 16    God:
Gold:   101        SH:  0    Dex: 10    Spells: 5/11 levels left

rFire    . . .     SeeInvis .   v - +2 dagger (venom)
rCold    . . .     Faith    .   (no shield)
rNeg     + . .     Spirit   .   c - +0 robe
rPois    ∞         Reflect  .   (no helmet)
rElec    +         Harm     .   (no cloak)
rCorr    .         Rampage  .   (no gloves)
MR       .....                  (no boots)
Stlth    ++........             (no amulet)
HPRegen  0.09/turn              (no ring)
MPRegen  0.12/turn              (no ring)

@: no status effects
A: negative energy resistance 1, electricity resistance, unbreathing,
petrification resistance, rot immunity, AC +4
a: no special abilities


You were on level 3 of the Dungeon.
You visited 1 branch of the dungeon, and saw 4 of its levels.

You collected 101 gold pieces.

Inventory:

Hand Weapons
 s - a +3 dagger of protection
 v - a +2 dagger of venom (weapon)
Missiles
 b - 26 stones (quivered)
Armour
 c - a +0 robe (worn)
 h - a +3 leather armour of positive energy
 k - a +0 pair of boots
Jewellery
 n - an uncursed ring of see invisible {unknown}
Wands
 l - a wand of paralysis (9)
 t - a wand of enslavement (13)
Scrolls
 a - 4 scrolls of identify {unknown}
 e - 2 scrolls of teleportation {unknown}
 i - a scroll of magic mapping {unknown}
 o - a scroll of enchant weapon {unknown}
 p - 2 scrolls of remove curse {unknown}
 r - a scroll of fear {unknown}
 w - a scroll of enchant armour {unknown}
Potions
 d - 2 potions of degeneration {unknown}
 f - a potion of brilliance {unknown}
 g - a potion of stabbing {unknown}
 j - a potion of magic {unknown}
 m - a potion of flight {unknown}
 q - a potion of might {unknown}
 u - a potion of haste {unknown}


   Skills:
 - Level 1.5 Dodging
 - Level 2.3 Stealth
 + Level 3.9 Spellcasting
 - Level 0.7 Transmutations
 + Level 5.7 Earth Magic


You had 5 spell levels left.
You knew the following spells:

 Your Spells              Type           Power        Failure   Level
a - Sandblast             Erth           ###...       1%          1
b - Passwall              Tmut/Erth      ##......     7%          2
c - Stone Arrow           Conj/Erth      ##....       16%         3

Your spell library contained the following spells:

 Spells                   Type           Power        Failure   Level
 Petrify                  Tmut/Erth      ##......     41%         4
 Lee's Rapid Deconstruct  Erth           ###.......   41%         5


Dungeon Overview and Level Annotations

Branches:
Dungeon (4/15)             Temple (0/1) D:4

Altars:
Cheibriados
Makhleb


Innate Abilities, Weirdness & Mutations

You are resistant to torment.
Your stone body is resilient. (AC +4)
You are immune to poison.
You resist negative energy. (rN+)
You are resistant to electric shocks. (rElec)
You can survive without breathing.
You are immune to petrification.
You are immune to rotting.


Message History

The worker ant bites you.
* * * LOW HITPOINT WARNING * * *
You climb upwards.
There is a stone staircase leading down here.
Okay, then.
Casting: Sandblast (safe; 1% risk of failure)
Confirm with . or Enter, or press ? or * to list all spells.
Aiming: Sandblast (safe; 1% risk of failure)
Press: ? - help, Shift-Dir - straight line, f - orc
Aim: an orc, wielding a +0 flail
Okay, then.
Casting: Sandblast (safe; 1% risk of failure)
Confirm with . or Enter, or press ? or * to list all spells.
Press: ? - help, Dir - move target cursor You can't see that place. [a rock wall.]
The orc hits you but does no damage. The worker ant barely misses you.
You begin to meditate on the wall.
You continue meditating on the rock.
The worker ant bites you.
You die...

######## #####....o@#
#...)...##a# #.###.#.##.#
######### #.##.......#
#.......# #.##..#..#.#
#.#####.#
#.##..#.)#.#####.# #.#
#................# ##.#
####..####.##########..####
#..####.# #..#....#


You could see a worker ant and an orc.

Vanquished Creatures
  A scorpion (D:4)
  An orc priest (D:4)
  3 adders
  An ooze (D:3)
  An adder skeleton (D:4)
  3 dart slugs
  A leopard gecko (D:3)
  2 orcs
  4 bats
  4 giant cockroaches
  5 goblins
  7 hobgoblins
  5 jackals
  A quokka (D:3)
  4 frilled lizards
  6 kobolds
  11 rats
60 creatures vanquished.

Notes
Turn   | Place    | Note
-------+----------+-------------------------------------------
     0 | D:1      | DogServant the Gargoyle Earth Elementalist began the quest
                  | for the Orb.
     0 | D:1      | Reached XP level 1. HP: 10/10 MP: 3/3
   321 | D:1      | Reached XP level 2. HP: 8/15 MP: 5/5
   776 | D:1      | Reached skill level 4 in Earth Magic
  1846 | D:2      | Reached XP level 3. HP: 19/19 MP: 4/6
  1850 | D:2      | Learned a level 2 spell: Passwall
  1854 | D:2      | Learned a level 3 spell: Stone Arrow
  2207 | D:2      | Found a snail-covered altar of Cheibriados.
  2522 | D:3      | Found a burning altar of Makhleb.
  2522 | D:3      | Noticed a cacodemon
  2525 | D:3      | Reached XP level 4. HP: 24/24 MP: 8/8
  3078 | D:3      | Reached skill level 5 in Earth Magic
  3257 | D:4      | Reached XP level 5. HP: 16/28 MP: 8/10
  3528 | D:4      | Found a staircase to the Ecumenical Temple.
  3532 | D:4      | Noticed an ogre
  3534 | D:4      | Noticed an ogre
  3678 | D:4      | HP: 1/28 [worker ant (6)]
  3681 | D:3      | Slain by a worker ant

Illustrated notes

Levels and vault maps discovered:
D:1:      shiori_shiawase, layout_basic
D:2:      layout_rooms, cheibriados_altar_1
D:3:      layout_loops_cross, makhleb_altar_promises_db, minmay_strange_pillars
D:4:      layout_cave_pools, minmay_temple_entry_proselytizer,
          grunt_gozag_statues

Skill      XL: |  1  2  3  4 |
---------------+-------------+-----
Earth Magic    | 4 5 |  5.7
Spellcasting   | 3 |  3.9
Dodging        | |  1.5
Stealth        | |  2.3
Transmutations | |  0.7

Action                   |  1- 3 |  4- 6 || total
-------------------------+-------+-------++-------
Melee: Unarmed           |    33 |       ||    33
       Whip              |    86 |    18 ||   104
       Dagger            |       |    48 ||    48
       Flail             |       |     4 ||     4
 Cast: Sandblast         |    21 |    11 ||    32
       Passwall          |       |     1 ||     1
 Stab: Sleeping          |     6 |     1 ||     7
Armor: Robe              |    36 |    32 ||    68
Dodge: Dodged            |    84 |    51 ||   135

Table legend: (Time is in decaauts)
 A = Elapsed time spent in this place.
 B = Non-inter-level travel time spent in this place.
 C = Inter-level travel time spent in this place.
 D = Time resting spent in this place.
 E = Time spent auto-exploring this place.
 F = Levels seen in this place.
 G = Mean time per level.
                   A        B        C        D        E       F      G
               +--------+--------+--------+--------+--------+-----+--------+
         Total |   3691 |   3542 |    149 |      0 |   2912 |   4 |  922.8 |
       Dungeon |   3691 |   3542 |    149 |      0 |   2912 |   4 |  922.8 |
               +--------+--------+--------+--------+--------+-----+--------+

Top non-repeatable levels by time:
     D:1: 1847 daAuts
     D:3: 942 daAuts
     D:2: 513 daAuts
     D:4: 388 daAuts
